Map: Ulrena

Players

AcerBly (Bly) - Winner!

  • Race: Zerg Zerg

Bails

  • Race: Protoss Protoss
  • League: Grandmaster

VOD

Have the link to the VOD?

Description

Time

  • Played on: Dec. 14, 2015, 7:10 p.m.
  • Length: 11:22
Show
View Real Time Build Order
Export as new Build Order

AcerBly Zerg - Winner!

Build Orders: Hatch First 

Get SALT Encoding   

  12  0:01  Drone  
  13  0:12  Overlord  
  13  0:17  Drone  
  14  0:31  Drone x2  
  16  0:36  Drone  
  17  0:53  Hatchery  
  16  1:07  Spawning Pool  
  16  1:10  Drone  
  16  1:15  Drone  
  17  1:19  Drone  
  18  1:33  Drone  
  19  1:43  Hatchery  
  18  1:54  Zergling x6  
  18  1:59  Extractor  
  20  2:02  Queen  
  20  2:05  Zergling x2  
  24  2:16  Queen  
  24  2:20  Overlord  
  26  2:25  Drone  
  26  2:27  Drone  
  28  2:41  Drone x3  
  31  2:44  Drone  
  31  2:46  Queen  
  34  2:53  Overlord  
  34  3:04  Drone x2  
  33  3:06  Drone x3  
  33  3:09  Drone  
  37  3:18  Drone, Extractor x2  
  37  3:19  Drone x3  
  39  3:25  Zergling x4  
  41  3:29  Zergling x2  
  41  3:33  Zergling x4  
  44  3:38  Drone x3  
  46  3:42  Drone  
  47  3:49  Drone  
  47  3:50  Drone x2  
  47  3:54  Overlord  
  50  3:58  Overlord  
  50  4:00  Overlord  
  49  4:08  Drone  
  50  4:10  Overlord x2  
  50  4:18  Drone  
  50  4:19  Drone x3  
  50  4:21  Drone x4  
  58  4:24  Lair  
  58  4:26  Drone x2  
  58  4:29  Queen  
  58  4:30  Drone x2  
  64  4:36  Metabolic Boost  
  64  4:37  Drone x2  
  66  4:40  Drone x2  
  66  4:45  Drone  
  69  4:47  Extractor  
  69  4:48  Extractor  
  69  4:49  Roach Warren  
  66  4:58  Drone x5  
  66  4:59  Overlord  
  71  5:05  Zergling x2  
  71  5:06  Zergling x12  
  78  5:14  Overlord  
  78  5:18  Overlord  
  78  5:19  Zergling x4  
  78  5:20  Overlord  
  80  5:26  Spire  
  77  5:34  Drone x5  
  77  5:35  Drone x3  
  79  5:36  Drone  
  79  5:39  Extractor  
  79  5:41  Extractor  
  79  5:45  Drone x2  
  79  5:46  Drone x2  
  79  5:49  Overlord  
  83  5:53  Hatchery  
  83  5:56  Overlord  
  82  5:57  Drone x2  
  82  6:03  Overseer  
  84  6:10  Overlord  
  84  6:14  Drone  
  84  6:15  Drone x4  
  84  6:16  Drone x2  
  91  6:26  Drone x2  
  91  6:27  Roach x3  
  99  6:34  Hatchery  
  96  6:41  Mutalisk  
  96  6:42  Mutalisk x6  
  110  6:49  Mutalisk x2  
  110  6:52  Zerg Flyer Weapons Level 1  
  114  6:56  Infestation Pit  
  114  6:58  Extractor  
  112  7:03  Extractor  
  112  7:06  Mutalisk x3  
  117  7:17  Mutalisk x2  
  117  7:20  Zergling x2  
  117  7:21  Zergling x14  
  128  7:23  Overlord  
  127  7:36  Mutalisk x3  
  123  7:39  Zergling x16  
  117  7:51  Mutalisk x3  
  117  7:55  Zergling x6  
  119  8:04  Zergling x12  
  118  8:07  Mutalisk  
  107  8:16  Zergling x2  
  107  8:17  Zergling x10  
  109  8:21  Extractor  
  109  8:22  Mutalisk x4  
  109  8:23  Extractor  
  109  8:26  Mutalisk  
  108  8:28  Roach x3  
  108  8:32  Roach x4  
  118  8:41  Mutalisk x2  
  119  8:58  Ravager x2  
  119  8:59  Ravager x3, Zergling x2  
  119  9:00  Zergling x34  
  142  9:08  Ravager x2  
  142  9:11  Zergling x2  
  142  9:12  Zergling x10  
  147  9:23  Zergling x14  
  154  9:37  Mutalisk x4  
  154  9:38  Mutalisk x2  
  164  9:49  Mutalisk  
  164  9:51  Overlord x2  
  159  10:05  Mutalisk x6  
  161  10:15  Mutalisk x2  
  161  10:18  Zergling x22  
  148  10:36  Overseer x2  
  148  10:37  Overseer  
  137  10:47  Drone x2  
  130  10:55  Zergling x12  
Show
View Real Time Build Order
Export as new Build Order

Bails Protoss 

Build Orders: Nexus First 

Get SALT Encoding   

  12  0:00  Probe (Chrono Boost)  
  13  0:11  Probe (Chrono Boost)  
  14  0:18  Pylon  
  14  0:22  Probe (Chrono Boost)  
  15  0:36  Probe (Chrono Boost)  
  16  0:47  Probe (Chrono Boost)  
  17  0:59  Nexus  
  17  1:09  Gateway  
  17  1:13  Probe (Chrono Boost)  
  18  1:23  Probe (Chrono Boost)  
  18  1:24  Assimilator  
  19  1:28  Assimilator  
  19  1:34  Probe (Chrono Boost)  
  20  1:44  Probe (Chrono Boost)  
  21  1:48  Gateway  
  21  1:55  Probe (Chrono Boost)  
  21  1:58  Cybernetics Core  
  22  2:05  Probe (Chrono Boost)  
  23  2:11  Probe (Chrono Boost)  
  24  2:16  Probe (Chrono Boost)  
  24  2:20  Probe (Chrono Boost)  
  26  2:25  Zealot (Chrono Boost)  
  26  2:27  Pylon  
  28  2:33  Pylon  
  28  2:34  Mothership Core  
  30  2:37  Probe, Pylon  
  30  2:45  Adept (Chrono Boost)  
  30  2:49  Probe  
  30  2:50  Adept (Chrono Boost)  
  35  2:55  Probe  
  35  2:56  Warp Gate (Chrono Boost)  
  36  3:01  Probe  
  37  3:07  Probe  
  37  3:12  Pylon  
  37  3:14  Probe  
  38  3:30  Probe x2  
  38  3:31  Robotics Facility  
  42  3:34  Sentry (Chrono Boost)  
  42  3:42  Probe  
  42  3:43  Probe  
  42  3:44  Pylon  
  42  3:48  Sentry (Chrono Boost)  
  46  4:01  Adept (Chrono Boost)  
  46  4:02  Probe x2  
  50  4:08  Pylon  
  50  4:13  Adept (Chrono Boost)  
  50  4:14  Probe x2  
  54  4:22  Pylon, Warp Prism (Chrono Boost)  
  54  4:31  Gateway, Pylon  
  56  4:42  Nexus  
  56  4:44  Probe  
  56  4:45  Probe  
  58  4:48  Pylon  
  58  4:56  Probe  
  58  4:57  Sentry x2, Probe  
  58  4:58  Observer  
  65  5:07  Assimilator  
  65  5:08  Probe  
  65  5:09  Twilight Council, Probe, Assimilator  
  67  5:17  Immortal  
  67  5:20  Probe  
  68  5:21  Probe  
  73  5:32  Probe  
  73  5:34  Probe  
  67  5:44  Sentry x2, Probe  
  67  5:46  Probe  
  73  5:50  Pylon  
  73  5:53  Pylon  
  73  5:55  Blink (Chrono Boost)  
  73  5:56  Probe  
  73  5:57  Probe  
  74  5:58  Probe  
  74  6:00  Immortal  
  76  6:06  Probe  
  76  6:09  Probe  
  76  6:10  Gateway, Probe  
  83  6:12  Gateway  
  83  6:15  Gateway  
  83  6:21  Probe  
  83  6:23  Gateway  
  83  6:24  Pylon  
  84  6:26  Gateway  
  84  6:27  Probe x2  
  86  6:33  Probe, Pylon  
  86  6:37  Adept  
  86  6:38  Probe  
  86  6:39  Probe  
  91  6:45  Probe, Pylon  
  91  6:46  Adept  
  94  6:48  Probe  
  99  7:00  Stalker x2, Gateway  
  103  7:05  Pylon  
  103  7:14  Pylon  
  103  7:15  Pylon  
  103  7:16  Stalker x4  
  103  7:22  Pylon  
  107  7:32  Probe  
  107  7:33  Stalker x2  
  107  7:34  Stalker x2  
  107  7:42  Stalker x2  
  107  7:43  Stalker x2  
  109  7:44  Probe  
  107  8:01  Warp Prism  
  107  8:04  Stalker x4  
  105  8:06  Probe  
  100  8:19  Stalker  
  98  8:20  Stalker x3  
  100  8:33  Stalker x3  
  98  8:36  Assimilator  
  98  8:37  Assimilator  
  98  8:44  Stalker x2  
  102  8:53  Stalker  
  102  8:55  Adept  
  106  9:02  Adept  
  108  9:04  Stalker  
  108  9:07  Adept  
  112  9:10  Forge  
  112  9:19  Stalker x3  
  118  9:33  Stalker x3  
  122  9:38  Stalker  
  121  9:49  Stalker x3  
  124  9:52  Zealot x2  
  124  9:56  Adept  
  124  9:57  Adept x2  
  110  10:04  Photon Cannon  
  110  10:06  Photon Cannon  
  88  10:07  Photon Cannon  
  88  10:08  Photon Cannon  
  88  10:11  Stalker  
  89  10:15  Stalker  
  52  11:04  Zealot  
Tags
 
Add a new tag
Caveats
  • Supply blocks, unpowered buildings, or Contaminate may cause inaccurate times.
  • Supply counts are checked every 10 seconds.